%YAML 1.1
%TAG !u! tag:unity3d.com,2011:
--- !u!1 &3648105208312523377
GameObject:
  m_ObjectHideFlags: 0
  m_CorrespondingSourceObject: {fileID: 0}
  m_PrefabInstance: {fileID: 0}
  m_PrefabAsset: {fileID: 0}
  serializedVersion: 6
  m_Component:
  - component: {fileID: 1300285109015175990}
  - component: {fileID: 7665635278581521012}
  m_Layer: 0
  m_Name: C_weight_icons_02
  m_TagString: Untagged
  m_Icon: {fileID: 0}
  m_NavMeshLayer: 0
  m_StaticEditorFlags: 0
  m_IsActive: 1
--- !u!4 &1300285109015175990
Transform:
  m_ObjectHideFlags: 0
  m_CorrespondingSourceObject: {fileID: 0}
  m_PrefabInstance: {fileID: 0}
  m_PrefabAsset: {fileID: 0}
  m_GameObject: {fileID: 3648105208312523377}
  m_LocalRotation: {x: 0, y: 0.7071068, z: 0, w: 0.7071068}
  m_LocalPosition: {x: -0.02, y: 0.41, z: 0}
  m_LocalScale: {x: 1, y: 1, z: 1}
  m_Children: []
  m_Father: {fileID: 6028411155476271298}
  m_RootOrder: 0
  m_LocalEulerAnglesHint: {x: 0, y: 90, z: 0}
--- !u!212 &7665635278581521012
SpriteRenderer:
  m_ObjectHideFlags: 0
  m_CorrespondingSourceObject: {fileID: 0}
  m_PrefabInstance: {fileID: 0}
  m_PrefabAsset: {fileID: 0}
  m_GameObject: {fileID: 3648105208312523377}
  m_Enabled: 1
  m_CastShadows: 0
  m_ReceiveShadows: 0
  m_DynamicOccludee: 1
  m_MotionVectors: 1
  m_LightProbeUsage: 1
  m_ReflectionProbeUsage: 1
  m_RayTracingMode: 0
  m_RenderingLayerMask: 1
  m_RendererPriority: 0
  m_Materials:
  - {fileID: 10754, guid: 0000000000000000f000000000000000, type: 0}
  m_StaticBatchInfo:
    firstSubMesh: 0
    subMeshCount: 0
  m_StaticBatchRoot: {fileID: 0}
  m_ProbeAnchor: {fileID: 0}
  m_LightProbeVolumeOverride: {fileID: 0}
  m_ScaleInLightmap: 1
  m_ReceiveGI: 1
  m_PreserveUVs: 0
  m_IgnoreNormalsForChartDetection: 0
  m_ImportantGI: 0
  m_StitchLightmapSeams: 1
  m_SelectedEditorRenderState: 0
  m_MinimumChartSize: 4
  m_AutoUVMaxDistance: 0.5
  m_AutoUVMaxAngle: 89
  m_LightmapParameters: {fileID: 0}
  m_SortingLayerID: 0
  m_SortingLayer: 0
  m_SortingOrder: 0
  m_Sprite: {fileID: 21300000, guid: d1a883f67d14b0c4fa592e7ffd7760b8, type: 3}
  m_Color: {r: 1, g: 1, b: 1, a: 1}
  m_FlipX: 0
  m_FlipY: 0
  m_DrawMode: 0
  m_Size: {x: 4.89, y: 5}
  m_AdaptiveModeThreshold: 0.5
  m_SpriteTileMode: 0
  m_WasSpriteAssigned: 1
  m_MaskInteraction: 0
  m_SpriteSortPoint: 0
--- !u!1 &5343294555566649601
GameObject:
  m_ObjectHideFlags: 0
  m_CorrespondingSourceObject: {fileID: 0}
  m_PrefabInstance: {fileID: 0}
  m_PrefabAsset: {fileID: 0}
  serializedVersion: 6
  m_Component:
  - component: {fileID: 5343294555566649600}
  - component: {fileID: 5343294555566649603}
  m_Layer: 0
  m_Name: ThreePanScale
  m_TagString: Untagged
  m_Icon: {fileID: 0}
  m_NavMeshLayer: 0
  m_StaticEditorFlags: 0
  m_IsActive: 1
--- !u!4 &5343294555566649600
Transform:
  m_ObjectHideFlags: 0
  m_CorrespondingSourceObject: {fileID: 0}
  m_PrefabInstance: {fileID: 0}
  m_PrefabAsset: {fileID: 0}
  m_GameObject: {fileID: 5343294555566649601}
  m_LocalRotation: {x: 0, y: 0, z: 0, w: 1}
  m_LocalPosition: {x: 3, y: 2, z: 4}
  m_LocalScale: {x: 1, y: 1, z: 1}
  m_Children:
  - {fileID: 5343294556745969856}
  - {fileID: 5343294556324439891}
  - {fileID: 5343294557076515537}
  - {fileID: 6028411155476271298}
  m_Father: {fileID: 0}
  m_RootOrder: 0
  m_LocalEulerAnglesHint: {x: 0, y: 0, z: 0}
--- !u!114 &5343294555566649603
MonoBehaviour:
  m_ObjectHideFlags: 0
  m_CorrespondingSourceObject: {fileID: 0}
  m_PrefabInstance: {fileID: 0}
  m_PrefabAsset: {fileID: 0}
  m_GameObject: {fileID: 5343294555566649601}
  m_Enabled: 1
  m_EditorHideFlags: 0
  m_Script: {fileID: 11500000, guid: e79d77ec7a53ebf4d8f890c1bcbe6502, type: 3}
  m_Name: 
  m_EditorClassIdentifier: 
  _hasJumpController: 0
--- !u!1 &5343294556324439888
GameObject:
  m_ObjectHideFlags: 0
  m_CorrespondingSourceObject: {fileID: 0}
  m_PrefabInstance: {fileID: 0}
  m_PrefabAsset: {fileID: 0}
  serializedVersion: 6
  m_Component:
  - component: {fileID: 5343294556324439891}
  - component: {fileID: 5343294556324439900}
  - component: {fileID: 5343294556324439901}
  - component: {fileID: 5343294556324439890}
  - component: {fileID: 5343294556324439902}
  - component: {fileID: 5343294556324439903}
  m_Layer: 0
  m_Name: Pan2
  m_TagString: Untagged
  m_Icon: {fileID: 0}
  m_NavMeshLayer: 0
  m_StaticEditorFlags: 0
  m_IsActive: 1
--- !u!4 &5343294556324439891
Transform:
  m_ObjectHideFlags: 0
  m_CorrespondingSourceObject: {fileID: 0}
  m_PrefabInstance: {fileID: 0}
  m_PrefabAsset: {fileID: 0}
  m_GameObject: {fileID: 5343294556324439888}
  m_LocalRotation: {x: -0, y: -0, z: -0, w: 1}
  m_LocalPosition: {x: -2, y: 0, z: -2}
  m_LocalScale: {x: 1, y: 1, z: 1}
  m_Children:
  - {fileID: 7475182014176655883}
  - {fileID: 6205442008080636372}
  m_Father: {fileID: 5343294555566649600}
  m_RootOrder: 1
  m_LocalEulerAnglesHint: {x: 0, y: 0, z: 0}
--- !u!33 &5343294556324439900
MeshFilter:
  m_ObjectHideFlags: 0
  m_CorrespondingSourceObject: {fileID: 0}
  m_PrefabInstance: {fileID: 0}
  m_PrefabAsset: {fileID: 0}
  m_GameObject: {fileID: 5343294556324439888}
  m_Mesh: {fileID: 0}
--- !u!23 &5343294556324439901
MeshRenderer:
  m_ObjectHideFlags: 0
  m_CorrespondingSourceObject: {fileID: 0}
  m_PrefabInstance: {fileID: 0}
  m_PrefabAsset: {fileID: 0}
  m_GameObject: {fileID: 5343294556324439888}
  m_Enabled: 1
  m_CastShadows: 1
  m_ReceiveShadows: 1
  m_DynamicOccludee: 1
  m_MotionVectors: 1
  m_LightProbeUsage: 1
  m_ReflectionProbeUsage: 1
  m_RayTracingMode: 2
  m_RenderingLayerMask: 1
  m_RendererPriority: 0
  m_Materials:
  - {fileID: 2100000, guid: af42ccab63aed61488158e27d38ac065, type: 2}
  m_StaticBatchInfo:
    firstSubMesh: 0
    subMeshCount: 0
  m_StaticBatchRoot: {fileID: 0}
  m_ProbeAnchor: {fileID: 0}
  m_LightProbeVolumeOverride: {fileID: 0}
  m_ScaleInLightmap: 1
  m_ReceiveGI: 1
  m_PreserveUVs: 0
  m_IgnoreNormalsForChartDetection: 0
  m_ImportantGI: 0
  m_StitchLightmapSeams: 1
  m_SelectedEditorRenderState: 3
  m_MinimumChartSize: 4
  m_AutoUVMaxDistance: 0.5
  m_AutoUVMaxAngle: 89
  m_LightmapParameters: {fileID: 0}
  m_SortingLayerID: 0
  m_SortingLayer: 0
  m_SortingOrder: 0
--- !u!65 &5343294556324439890
BoxCollider:
  m_ObjectHideFlags: 0
  m_CorrespondingSourceObject: {fileID: 0}
  m_PrefabInstance: {fileID: 0}
  m_PrefabAsset: {fileID: 0}
  m_GameObject: {fileID: 5343294556324439888}
  m_Material: {fileID: 0}
  m_IsTrigger: 0
  m_Enabled: 1
  serializedVersion: 2
  m_Size: {x: 1, y: 1, z: 1}
  m_Center: {x: 0, y: 0, z: 0}
--- !u!114 &5343294556324439902
MonoBehaviour:
  m_ObjectHideFlags: 0
  m_CorrespondingSourceObject: {fileID: 0}
  m_PrefabInstance: {fileID: 0}
  m_PrefabAsset: {fileID: 0}
  m_GameObject: {fileID: 5343294556324439888}
  m_Enabled: 1
  m_EditorHideFlags: 0
  m_Script: {fileID: 11500000, guid: da7ae930c42d3c542811f007fd13d3c3, type: 3}
  m_Name: 
  m_EditorClassIdentifier: 
  _tileState: 0
  _notcheck: 0
  isInPath: 0
  _walkable: 1
  Selectable: 1
  parentSelf: {fileID: 0}
--- !u!114 &5343294556324439903
MonoBehaviour:
  m_ObjectHideFlags: 0
  m_CorrespondingSourceObject: {fileID: 0}
  m_PrefabInstance: {fileID: 0}
  m_PrefabAsset: {fileID: 0}
  m_GameObject: {fileID: 5343294556324439888}
  m_Enabled: 1
  m_EditorHideFlags: 0
  m_Script: {fileID: 11500000, guid: 28794a7794479a545a55a5c3511da769, type: 3}
  m_Name: 
  m_EditorClassIdentifier: 
  myJumpFeedback: {fileID: 0}
  mySparkParticle: {fileID: 6205442008080270836}
  _panState: 1
--- !u!1 &5343294556745969857
GameObject:
  m_ObjectHideFlags: 0
  m_CorrespondingSourceObject: {fileID: 0}
  m_PrefabInstance: {fileID: 0}
  m_PrefabAsset: {fileID: 0}
  serializedVersion: 6
  m_Component:
  - component: {fileID: 5343294556745969856}
  - component: {fileID: 5343294556745969869}
  - component: {fileID: 5343294556745969858}
  - component: {fileID: 5343294556745969859}
  - component: {fileID: 5343294556745969871}
  - component: {fileID: 5343294556745969870}
  m_Layer: 0
  m_Name: Pan1
  m_TagString: Untagged
  m_Icon: {fileID: 0}
  m_NavMeshLayer: 0
  m_StaticEditorFlags: 0
  m_IsActive: 1
--- !u!4 &5343294556745969856
Transform:
  m_ObjectHideFlags: 0
  m_CorrespondingSourceObject: {fileID: 0}
  m_PrefabInstance: {fileID: 0}
  m_PrefabAsset: {fileID: 0}
  m_GameObject: {fileID: 5343294556745969857}
  m_LocalRotation: {x: -0, y: -0, z: -0, w: 1}
  m_LocalPosition: {x: 2, y: 0, z: -2}
  m_LocalScale: {x: 1, y: 1, z: 1}
  m_Children:
  - {fileID: 7703631136182567450}
  - {fileID: 7097680722808228498}
  m_Father: {fileID: 5343294555566649600}
  m_RootOrder: 0
  m_LocalEulerAnglesHint: {x: 0, y: 0, z: 0}
--- !u!33 &5343294556745969869
MeshFilter:
  m_ObjectHideFlags: 0
  m_CorrespondingSourceObject: {fileID: 0}
  m_PrefabInstance: {fileID: 0}
  m_PrefabAsset: {fileID: 0}
  m_GameObject: {fileID: 5343294556745969857}
  m_Mesh: {fileID: 0}
--- !u!23 &5343294556745969858
MeshRenderer:
  m_ObjectHideFlags: 0
  m_CorrespondingSourceObject: {fileID: 0}
  m_PrefabInstance: {fileID: 0}
  m_PrefabAsset: {fileID: 0}
  m_GameObject: {fileID: 5343294556745969857}
  m_Enabled: 1
  m_CastShadows: 1
  m_ReceiveShadows: 1
  m_DynamicOccludee: 1
  m_MotionVectors: 1
  m_LightProbeUsage: 1
  m_ReflectionProbeUsage: 1
  m_RayTracingMode: 2
  m_RenderingLayerMask: 1
  m_RendererPriority: 0
  m_Materials:
  - {fileID: 2100000, guid: af42ccab63aed61488158e27d38ac065, type: 2}
  m_StaticBatchInfo:
    firstSubMesh: 0
    subMeshCount: 0
  m_StaticBatchRoot: {fileID: 0}
  m_ProbeAnchor: {fileID: 0}
  m_LightProbeVolumeOverride: {fileID: 0}
  m_ScaleInLightmap: 1
  m_ReceiveGI: 1
  m_PreserveUVs: 0
  m_IgnoreNormalsForChartDetection: 0
  m_ImportantGI: 0
  m_StitchLightmapSeams: 1
  m_SelectedEditorRenderState: 3
  m_MinimumChartSize: 4
  m_AutoUVMaxDistance: 0.5
  m_AutoUVMaxAngle: 89
  m_LightmapParameters: {fileID: 0}
  m_SortingLayerID: 0
  m_SortingLayer: 0
  m_SortingOrder: 0
--- !u!65 &5343294556745969859
BoxCollider:
  m_ObjectHideFlags: 0
  m_CorrespondingSourceObject: {fileID: 0}
  m_PrefabInstance: {fileID: 0}
  m_PrefabAsset: {fileID: 0}
  m_GameObject: {fileID: 5343294556745969857}
  m_Material: {fileID: 0}
  m_IsTrigger: 0
  m_Enabled: 1
  serializedVersion: 2
  m_Size: {x: 1, y: 1, z: 1}
  m_Center: {x: 0, y: 0, z: 0}
--- !u!114 &5343294556745969871
MonoBehaviour:
  m_ObjectHideFlags: 0
  m_CorrespondingSourceObject: {fileID: 0}
  m_PrefabInstance: {fileID: 0}
  m_PrefabAsset: {fileID: 0}
  m_GameObject: {fileID: 5343294556745969857}
  m_Enabled: 1
  m_EditorHideFlags: 0
  m_Script: {fileID: 11500000, guid: da7ae930c42d3c542811f007fd13d3c3, type: 3}
  m_Name: 
  m_EditorClassIdentifier: 
  _tileState: 0
  _notcheck: 0
  isInPath: 0
  _walkable: 1
  Selectable: 1
  parentSelf: {fileID: 0}
--- !u!114 &5343294556745969870
MonoBehaviour:
  m_ObjectHideFlags: 0
  m_CorrespondingSourceObject: {fileID: 0}
  m_PrefabInstance: {fileID: 0}
  m_PrefabAsset: {fileID: 0}
  m_GameObject: {fileID: 5343294556745969857}
  m_Enabled: 1
  m_EditorHideFlags: 0
  m_Script: {fileID: 11500000, guid: 28794a7794479a545a55a5c3511da769, type: 3}
  m_Name: 
  m_EditorClassIdentifier: 
  myJumpFeedback: {fileID: 0}
  mySparkParticle: {fileID: 7097680722807805618}
  _panState: 0
--- !u!1 &5343294557076515542
GameObject:
  m_ObjectHideFlags: 0
  m_CorrespondingSourceObject: {fileID: 0}
  m_PrefabInstance: {fileID: 0}
  m_PrefabAsset: {fileID: 0}
  serializedVersion: 6
  m_Component:
  - component: {fileID: 5343294557076515537}
  - component: {fileID: 5343294557076515538}
  - component: {fileID: 5343294557076515539}
  - component: {fileID: 5343294557076515536}
  - component: {fileID: 5343294557076515548}
  - component: {fileID: 5343294557076515549}
  m_Layer: 0
  m_Name: Pan3
  m_TagString: Untagged
  m_Icon: {fileID: 0}
  m_NavMeshLayer: 0
  m_StaticEditorFlags: 0
  m_IsActive: 1
--- !u!4 &5343294557076515537
Transform:
  m_ObjectHideFlags: 0
  m_CorrespondingSourceObject: {fileID: 0}
  m_PrefabInstance: {fileID: 0}
  m_PrefabAsset: {fileID: 0}
  m_GameObject: {fileID: 5343294557076515542}
  m_LocalRotation: {x: -0, y: -0, z: -0, w: 1}
  m_LocalPosition: {x: 0, y: -3, z: -2}
  m_LocalScale: {x: 1, y: 1, z: 1}
  m_Children:
  - {fileID: 4289964294779794029}
  - {fileID: 1295440490830462135}
  m_Father: {fileID: 5343294555566649600}
  m_RootOrder: 2
  m_LocalEulerAnglesHint: {x: 0, y: 0, z: 0}
--- !u!33 &5343294557076515538
MeshFilter:
  m_ObjectHideFlags: 0
  m_CorrespondingSourceObject: {fileID: 0}
  m_PrefabInstance: {fileID: 0}
  m_PrefabAsset: {fileID: 0}
  m_GameObject: {fileID: 5343294557076515542}
  m_Mesh: {fileID: 0}
--- !u!23 &5343294557076515539
MeshRenderer:
  m_ObjectHideFlags: 0
  m_CorrespondingSourceObject: {fileID: 0}
  m_PrefabInstance: {fileID: 0}
  m_PrefabAsset: {fileID: 0}
  m_GameObject: {fileID: 5343294557076515542}
  m_Enabled: 1
  m_CastShadows: 1
  m_ReceiveShadows: 1
  m_DynamicOccludee: 1
  m_MotionVectors: 1
  m_LightProbeUsage: 1
  m_ReflectionProbeUsage: 1
  m_RayTracingMode: 2
  m_RenderingLayerMask: 1
  m_RendererPriority: 0
  m_Materials:
  - {fileID: 2100000, guid: af42ccab63aed61488158e27d38ac065, type: 2}
  m_StaticBatchInfo:
    firstSubMesh: 0
    subMeshCount: 0
  m_StaticBatchRoot: {fileID: 0}
  m_ProbeAnchor: {fileID: 0}
  m_LightProbeVolumeOverride: {fileID: 0}
  m_ScaleInLightmap: 1
  m_ReceiveGI: 1
  m_PreserveUVs: 0
  m_IgnoreNormalsForChartDetection: 0
  m_ImportantGI: 0
  m_StitchLightmapSeams: 1
  m_SelectedEditorRenderState: 3
  m_MinimumChartSize: 4
  m_AutoUVMaxDistance: 0.5
  m_AutoUVMaxAngle: 89
  m_LightmapParameters: {fileID: 0}
  m_SortingLayerID: 0
  m_SortingLayer: 0
  m_SortingOrder: 0
--- !u!65 &5343294557076515536
BoxCollider:
  m_ObjectHideFlags: 0
  m_CorrespondingSourceObject: {fileID: 0}
  m_PrefabInstance: {fileID: 0}
  m_PrefabAsset: {fileID: 0}
  m_GameObject: {fileID: 5343294557076515542}
  m_Material: {fileID: 0}
  m_IsTrigger: 0
  m_Enabled: 1
  serializedVersion: 2
  m_Size: {x: 1, y: 1, z: 1}
  m_Center: {x: 0, y: 0, z: 0}
--- !u!114 &5343294557076515548
MonoBehaviour:
  m_ObjectHideFlags: 0
  m_CorrespondingSourceObject: {fileID: 0}
  m_PrefabInstance: {fileID: 0}
  m_PrefabAsset: {fileID: 0}
  m_GameObject: {fileID: 5343294557076515542}
  m_Enabled: 1
  m_EditorHideFlags: 0
  m_Script: {fileID: 11500000, guid: da7ae930c42d3c542811f007fd13d3c3, type: 3}
  m_Name: 
  m_EditorClassIdentifier: 
  _tileState: 0
  _notcheck: 0
  isInPath: 0
  _walkable: 1
  Selectable: 1
  parentSelf: {fileID: 0}
--- !u!114 &5343294557076515549
MonoBehaviour:
  m_ObjectHideFlags: 0
  m_CorrespondingSourceObject: {fileID: 0}
  m_PrefabInstance: {fileID: 0}
  m_PrefabAsset: {fileID: 0}
  m_GameObject: {fileID: 5343294557076515542}
  m_Enabled: 1
  m_EditorHideFlags: 0
  m_Script: {fileID: 11500000, guid: 28794a7794479a545a55a5c3511da769, type: 3}
  m_Name: 
  m_EditorClassIdentifier: 
  myJumpFeedback: {fileID: 0}
  mySparkParticle: {fileID: 1295440490830553239}
  _panState: 2
--- !u!1001 &1295440490830587447
PrefabInstance:
  m_ObjectHideFlags: 0
  serializedVersion: 2
  m_Modification:
    m_TransformParent: {fileID: 5343294557076515537}
    m_Modifications:
    - target: {fileID: 100000, guid: 3334204cf5d69114a9dc35445b9c7e14, type: 3}
      propertyPath: m_Name
      value: ThreePanSpark
      objectReference: {fileID: 0}
    - target: {fileID: 100000, guid: 3334204cf5d69114a9dc35445b9c7e14, type: 3}
      propertyPath: m_IsActive
      value: 0
      objectReference: {fileID: 0}
    - target: {fileID: 400000, guid: 3334204cf5d69114a9dc35445b9c7e14, type: 3}
      propertyPath: m_LocalPosition.x
      value: 0
      objectReference: {fileID: 0}
    - target: {fileID: 400000, guid: 3334204cf5d69114a9dc35445b9c7e14, type: 3}
      propertyPath: m_LocalPosition.y
      value: 0
      objectReference: {fileID: 0}
    - target: {fileID: 400000, guid: 3334204cf5d69114a9dc35445b9c7e14, type: 3}
      propertyPath: m_LocalPosition.z
      value: 0
      objectReference: {fileID: 0}
    - target: {fileID: 400000, guid: 3334204cf5d69114a9dc35445b9c7e14, type: 3}
      propertyPath: m_LocalRotation.x
      value: -0
      objectReference: {fileID: 0}
    - target: {fileID: 400000, guid: 3334204cf5d69114a9dc35445b9c7e14, type: 3}
      propertyPath: m_LocalRotation.y
      value: -0
      objectReference: {fileID: 0}
    - target: {fileID: 400000, guid: 3334204cf5d69114a9dc35445b9c7e14, type: 3}
      propertyPath: m_LocalRotation.z
      value: -0
      objectReference: {fileID: 0}
    - target: {fileID: 400000, guid: 3334204cf5d69114a9dc35445b9c7e14, type: 3}
      propertyPath: m_LocalRotation.w
      value: 1
      objectReference: {fileID: 0}
    - target: {fileID: 400000, guid: 3334204cf5d69114a9dc35445b9c7e14, type: 3}
      propertyPath: m_RootOrder
      value: 1
      objectReference: {fileID: 0}
    - target: {fileID: 400000, guid: 3334204cf5d69114a9dc35445b9c7e14, type: 3}
      propertyPath: m_LocalEulerAnglesHint.x
      value: 0
      objectReference: {fileID: 0}
    - target: {fileID: 400000, guid: 3334204cf5d69114a9dc35445b9c7e14, type: 3}
      propertyPath: m_LocalEulerAnglesHint.y
      value: 0
      objectReference: {fileID: 0}
    - target: {fileID: 400000, guid: 3334204cf5d69114a9dc35445b9c7e14, type: 3}
      propertyPath: m_LocalEulerAnglesHint.z
      value: 0
      objectReference: {fileID: 0}
    - target: {fileID: 400000, guid: 3334204cf5d69114a9dc35445b9c7e14, type: 3}
      propertyPath: m_LocalScale.x
      value: 3
      objectReference: {fileID: 0}
    - target: {fileID: 400000, guid: 3334204cf5d69114a9dc35445b9c7e14, type: 3}
      propertyPath: m_LocalScale.y
      value: 3
      objectReference: {fileID: 0}
    - target: {fileID: 400000, guid: 3334204cf5d69114a9dc35445b9c7e14, type: 3}
      propertyPath: m_LocalScale.z
      value: 3
      objectReference: {fileID: 0}
    m_RemovedComponents: []
  m_SourcePrefab: {fileID: 100100000, guid: 3334204cf5d69114a9dc35445b9c7e14, type: 3}
--- !u!1 &1295440490830553239 stripped
GameObject:
  m_CorrespondingSourceObject: {fileID: 100000, guid: 3334204cf5d69114a9dc35445b9c7e14,
    type: 3}
  m_PrefabInstance: {fileID: 1295440490830587447}
  m_PrefabAsset: {fileID: 0}
--- !u!4 &1295440490830462135 stripped
Transform:
  m_CorrespondingSourceObject: {fileID: 400000, guid: 3334204cf5d69114a9dc35445b9c7e14,
    type: 3}
  m_PrefabInstance: {fileID: 1295440490830587447}
  m_PrefabAsset: {fileID: 0}
--- !u!1001 &1644813109802826712
PrefabInstance:
  m_ObjectHideFlags: 0
  serializedVersion: 2
  m_Modification:
    m_TransformParent: {fileID: 5343294555566649600}
    m_Modifications:
    - target: {fileID: -4216859302048453862, guid: e43d7d9fbe038a5478a63dda2ed6270e,
        type: 3}
      propertyPath: m_LocalPosition.x
      value: -0
      objectReference: {fileID: 0}
    - target: {fileID: -4216859302048453862, guid: e43d7d9fbe038a5478a63dda2ed6270e,
        type: 3}
      propertyPath: m_LocalPosition.y
      value: -1.5
      objectReference: {fileID: 0}
    - target: {fileID: -4216859302048453862, guid: e43d7d9fbe038a5478a63dda2ed6270e,
        type: 3}
      propertyPath: m_LocalPosition.z
      value: -2.5
      objectReference: {fileID: 0}
    - target: {fileID: -4216859302048453862, guid: e43d7d9fbe038a5478a63dda2ed6270e,
        type: 3}
      propertyPath: m_LocalRotation.x
      value: 0
      objectReference: {fileID: 0}
    - target: {fileID: -4216859302048453862, guid: e43d7d9fbe038a5478a63dda2ed6270e,
        type: 3}
      propertyPath: m_LocalRotation.y
      value: 0.7071068
      objectReference: {fileID: 0}
    - target: {fileID: -4216859302048453862, guid: e43d7d9fbe038a5478a63dda2ed6270e,
        type: 3}
      propertyPath: m_LocalRotation.z
      value: 0
      objectReference: {fileID: 0}
    - target: {fileID: -4216859302048453862, guid: e43d7d9fbe038a5478a63dda2ed6270e,
        type: 3}
      propertyPath: m_LocalRotation.w
      value: 0.7071068
      objectReference: {fileID: 0}
    - target: {fileID: -4216859302048453862, guid: e43d7d9fbe038a5478a63dda2ed6270e,
        type: 3}
      propertyPath: m_RootOrder
      value: 3
      objectReference: {fileID: 0}
    - target: {fileID: -4216859302048453862, guid: e43d7d9fbe038a5478a63dda2ed6270e,
        type: 3}
      propertyPath: m_LocalEulerAnglesHint.x
      value: 0
      objectReference: {fileID: 0}
    - target: {fileID: -4216859302048453862, guid: e43d7d9fbe038a5478a63dda2ed6270e,
        type: 3}
      propertyPath: m_LocalEulerAnglesHint.y
      value: 90
      objectReference: {fileID: 0}
    - target: {fileID: -4216859302048453862, guid: e43d7d9fbe038a5478a63dda2ed6270e,
        type: 3}
      propertyPath: m_LocalEulerAnglesHint.z
      value: 0
      objectReference: {fileID: 0}
    - target: {fileID: -1504981713932161579, guid: e43d7d9fbe038a5478a63dda2ed6270e,
        type: 3}
      propertyPath: m_Materials.Array.data[0]
      value: 
      objectReference: {fileID: 2100000, guid: ccb2e630f98732a41b71cfd11826d757, type: 2}
    - target: {fileID: -927199367670048503, guid: e43d7d9fbe038a5478a63dda2ed6270e,
        type: 3}
      propertyPath: m_Name
      value: Tripan_Scale
      objectReference: {fileID: 0}
    m_RemovedComponents: []
  m_SourcePrefab: {fileID: 100100000, guid: e43d7d9fbe038a5478a63dda2ed6270e, type: 3}
--- !u!4 &6028411155476271298 stripped
Transform:
  m_CorrespondingSourceObject: {fileID: -4216859302048453862, guid: e43d7d9fbe038a5478a63dda2ed6270e,
    type: 3}
  m_PrefabInstance: {fileID: 1644813109802826712}
  m_PrefabAsset: {fileID: 0}
--- !u!1001 &2506141735210111249
PrefabInstance:
  m_ObjectHideFlags: 0
  serializedVersion: 2
  m_Modification:
    m_TransformParent: {fileID: 5343294556324439891}
    m_Modifications:
    - target: {fileID: -4216859302048453862, guid: d4c2f14835294e441bb2c758b4911a1c,
        type: 3}
      propertyPath: m_LocalPosition.x
      value: 0
      objectReference: {fileID: 0}
    - target: {fileID: -4216859302048453862, guid: d4c2f14835294e441bb2c758b4911a1c,
        type: 3}
      propertyPath: m_LocalPosition.y
      value: 0
      objectReference: {fileID: 0}
    - target: {fileID: -4216859302048453862, guid: d4c2f14835294e441bb2c758b4911a1c,
        type: 3}
      propertyPath: m_LocalPosition.z
      value: 0
      objectReference: {fileID: 0}
    - target: {fileID: -4216859302048453862, guid: d4c2f14835294e441bb2c758b4911a1c,
        type: 3}
      propertyPath: m_LocalRotation.x
      value: 0
      objectReference: {fileID: 0}
    - target: {fileID: -4216859302048453862, guid: d4c2f14835294e441bb2c758b4911a1c,
        type: 3}
      propertyPath: m_LocalRotation.y
      value: -0.7071068
      objectReference: {fileID: 0}
    - target: {fileID: -4216859302048453862, guid: d4c2f14835294e441bb2c758b4911a1c,
        type: 3}
      propertyPath: m_LocalRotation.z
      value: 0
      objectReference: {fileID: 0}
    - target: {fileID: -4216859302048453862, guid: d4c2f14835294e441bb2c758b4911a1c,
        type: 3}
      propertyPath: m_LocalRotation.w
      value: 0.7071068
      objectReference: {fileID: 0}
    - target: {fileID: -4216859302048453862, guid: d4c2f14835294e441bb2c758b4911a1c,
        type: 3}
      propertyPath: m_RootOrder
      value: 0
      objectReference: {fileID: 0}
    - target: {fileID: -4216859302048453862, guid: d4c2f14835294e441bb2c758b4911a1c,
        type: 3}
      propertyPath: m_LocalEulerAnglesHint.x
      value: 0
      objectReference: {fileID: 0}
    - target: {fileID: -4216859302048453862, guid: d4c2f14835294e441bb2c758b4911a1c,
        type: 3}
      propertyPath: m_LocalEulerAnglesHint.y
      value: -90
      objectReference: {fileID: 0}
    - target: {fileID: -4216859302048453862, guid: d4c2f14835294e441bb2c758b4911a1c,
        type: 3}
      propertyPath: m_LocalEulerAnglesHint.z
      value: 0
      objectReference: {fileID: 0}
    - target: {fileID: -1504981713932161579, guid: d4c2f14835294e441bb2c758b4911a1c,
        type: 3}
      propertyPath: m_Materials.Array.data[0]
      value: 
      objectReference: {fileID: 2100000, guid: 315cac9a135b58a4288cc5e50e6a0745, type: 2}
    - target: {fileID: -927199367670048503, guid: d4c2f14835294e441bb2c758b4911a1c,
        type: 3}
      propertyPath: m_Name
      value: SM_Tripan_Platform
      objectReference: {fileID: 0}
    m_RemovedComponents: []
  m_SourcePrefab: {fileID: 100100000, guid: d4c2f14835294e441bb2c758b4911a1c, type: 3}
--- !u!4 &7475182014176655883 stripped
Transform:
  m_CorrespondingSourceObject: {fileID: -4216859302048453862, guid: d4c2f14835294e441bb2c758b4911a1c,
    type: 3}
  m_PrefabInstance: {fileID: 2506141735210111249}
  m_PrefabAsset: {fileID: 0}
--- !u!1001 &3427942442997164288
PrefabInstance:
  m_ObjectHideFlags: 0
  serializedVersion: 2
  m_Modification:
    m_TransformParent: {fileID: 5343294556745969856}
    m_Modifications:
    - target: {fileID: -4216859302048453862, guid: d4c2f14835294e441bb2c758b4911a1c,
        type: 3}
      propertyPath: m_LocalPosition.x
      value: -0
      objectReference: {fileID: 0}
    - target: {fileID: -4216859302048453862, guid: d4c2f14835294e441bb2c758b4911a1c,
        type: 3}
      propertyPath: m_LocalPosition.y
      value: 0
      objectReference: {fileID: 0}
    - target: {fileID: -4216859302048453862, guid: d4c2f14835294e441bb2c758b4911a1c,
        type: 3}
      propertyPath: m_LocalPosition.z
      value: 0
      objectReference: {fileID: 0}
    - target: {fileID: -4216859302048453862, guid: d4c2f14835294e441bb2c758b4911a1c,
        type: 3}
      propertyPath: m_LocalRotation.x
      value: 0
      objectReference: {fileID: 0}
    - target: {fileID: -4216859302048453862, guid: d4c2f14835294e441bb2c758b4911a1c,
        type: 3}
      propertyPath: m_LocalRotation.y
      value: -0.7071068
      objectReference: {fileID: 0}
    - target: {fileID: -4216859302048453862, guid: d4c2f14835294e441bb2c758b4911a1c,
        type: 3}
      propertyPath: m_LocalRotation.z
      value: 0
      objectReference: {fileID: 0}
    - target: {fileID: -4216859302048453862, guid: d4c2f14835294e441bb2c758b4911a1c,
        type: 3}
      propertyPath: m_LocalRotation.w
      value: 0.7071068
      objectReference: {fileID: 0}
    - target: {fileID: -4216859302048453862, guid: d4c2f14835294e441bb2c758b4911a1c,
        type: 3}
      propertyPath: m_RootOrder
      value: 0
      objectReference: {fileID: 0}
    - target: {fileID: -4216859302048453862, guid: d4c2f14835294e441bb2c758b4911a1c,
        type: 3}
      propertyPath: m_LocalEulerAnglesHint.x
      value: 0
      objectReference: {fileID: 0}
    - target: {fileID: -4216859302048453862, guid: d4c2f14835294e441bb2c758b4911a1c,
        type: 3}
      propertyPath: m_LocalEulerAnglesHint.y
      value: -90
      objectReference: {fileID: 0}
    - target: {fileID: -4216859302048453862, guid: d4c2f14835294e441bb2c758b4911a1c,
        type: 3}
      propertyPath: m_LocalEulerAnglesHint.z
      value: 0
      objectReference: {fileID: 0}
    - target: {fileID: -1504981713932161579, guid: d4c2f14835294e441bb2c758b4911a1c,
        type: 3}
      propertyPath: m_Materials.Array.data[0]
      value: 
      objectReference: {fileID: 2100000, guid: 315cac9a135b58a4288cc5e50e6a0745, type: 2}
    - target: {fileID: -927199367670048503, guid: d4c2f14835294e441bb2c758b4911a1c,
        type: 3}
      propertyPath: m_Name
      value: SM_Tripan_Platform
      objectReference: {fileID: 0}
    m_RemovedComponents: []
  m_SourcePrefab: {fileID: 100100000, guid: d4c2f14835294e441bb2c758b4911a1c, type: 3}
--- !u!4 &7703631136182567450 stripped
Transform:
  m_CorrespondingSourceObject: {fileID: -4216859302048453862, guid: d4c2f14835294e441bb2c758b4911a1c,
    type: 3}
  m_PrefabInstance: {fileID: 3427942442997164288}
  m_PrefabAsset: {fileID: 0}
--- !u!1001 &6205442008080237396
PrefabInstance:
  m_ObjectHideFlags: 0
  serializedVersion: 2
  m_Modification:
    m_TransformParent: {fileID: 5343294556324439891}
    m_Modifications:
    - target: {fileID: 100000, guid: 3334204cf5d69114a9dc35445b9c7e14, type: 3}
      propertyPath: m_Name
      value: ThreePanSpark
      objectReference: {fileID: 0}
    - target: {fileID: 100000, guid: 3334204cf5d69114a9dc35445b9c7e14, type: 3}
      propertyPath: m_IsActive
      value: 0
      objectReference: {fileID: 0}
    - target: {fileID: 400000, guid: 3334204cf5d69114a9dc35445b9c7e14, type: 3}
      propertyPath: m_LocalPosition.x
      value: 0
      objectReference: {fileID: 0}
    - target: {fileID: 400000, guid: 3334204cf5d69114a9dc35445b9c7e14, type: 3}
      propertyPath: m_LocalPosition.y
      value: 0
      objectReference: {fileID: 0}
    - target: {fileID: 400000, guid: 3334204cf5d69114a9dc35445b9c7e14, type: 3}
      propertyPath: m_LocalPosition.z
      value: 0
      objectReference: {fileID: 0}
    - target: {fileID: 400000, guid: 3334204cf5d69114a9dc35445b9c7e14, type: 3}
      propertyPath: m_LocalRotation.x
      value: -0
      objectReference: {fileID: 0}
    - target: {fileID: 400000, guid: 3334204cf5d69114a9dc35445b9c7e14, type: 3}
      propertyPath: m_LocalRotation.y
      value: -0
      objectReference: {fileID: 0}
    - target: {fileID: 400000, guid: 3334204cf5d69114a9dc35445b9c7e14, type: 3}
      propertyPath: m_LocalRotation.z
      value: -0
      objectReference: {fileID: 0}
    - target: {fileID: 400000, guid: 3334204cf5d69114a9dc35445b9c7e14, type: 3}
      propertyPath: m_LocalRotation.w
      value: 1
      objectReference: {fileID: 0}
    - target: {fileID: 400000, guid: 3334204cf5d69114a9dc35445b9c7e14, type: 3}
      propertyPath: m_RootOrder
      value: 1
      objectReference: {fileID: 0}
    - target: {fileID: 400000, guid: 3334204cf5d69114a9dc35445b9c7e14, type: 3}
      propertyPath: m_LocalEulerAnglesHint.x
      value: 0
      objectReference: {fileID: 0}
    - target: {fileID: 400000, guid: 3334204cf5d69114a9dc35445b9c7e14, type: 3}
      propertyPath: m_LocalEulerAnglesHint.y
      value: 0
      objectReference: {fileID: 0}
    - target: {fileID: 400000, guid: 3334204cf5d69114a9dc35445b9c7e14, type: 3}
      propertyPath: m_LocalEulerAnglesHint.z
      value: 0
      objectReference: {fileID: 0}
    - target: {fileID: 400000, guid: 3334204cf5d69114a9dc35445b9c7e14, type: 3}
      propertyPath: m_LocalScale.x
      value: 3
      objectReference: {fileID: 0}
    - target: {fileID: 400000, guid: 3334204cf5d69114a9dc35445b9c7e14, type: 3}
      propertyPath: m_LocalScale.y
      value: 3
      objectReference: {fileID: 0}
    - target: {fileID: 400000, guid: 3334204cf5d69114a9dc35445b9c7e14, type: 3}
      propertyPath: m_LocalScale.z
      value: 3
      objectReference: {fileID: 0}
    m_RemovedComponents: []
  m_SourcePrefab: {fileID: 100100000, guid: 3334204cf5d69114a9dc35445b9c7e14, type: 3}
--- !u!4 &6205442008080636372 stripped
Transform:
  m_CorrespondingSourceObject: {fileID: 400000, guid: 3334204cf5d69114a9dc35445b9c7e14,
    type: 3}
  m_PrefabInstance: {fileID: 6205442008080237396}
  m_PrefabAsset: {fileID: 0}
--- !u!1 &6205442008080270836 stripped
GameObject:
  m_CorrespondingSourceObject: {fileID: 100000, guid: 3334204cf5d69114a9dc35445b9c7e14,
    type: 3}
  m_PrefabInstance: {fileID: 6205442008080237396}
  m_PrefabAsset: {fileID: 0}
--- !u!1001 &7097680722807836690
PrefabInstance:
  m_ObjectHideFlags: 0
  serializedVersion: 2
  m_Modification:
    m_TransformParent: {fileID: 5343294556745969856}
    m_Modifications:
    - target: {fileID: 100000, guid: 3334204cf5d69114a9dc35445b9c7e14, type: 3}
      propertyPath: m_Name
      value: ThreePanSpark
      objectReference: {fileID: 0}
    - target: {fileID: 100000, guid: 3334204cf5d69114a9dc35445b9c7e14, type: 3}
      propertyPath: m_IsActive
      value: 0
      objectReference: {fileID: 0}
    - target: {fileID: 400000, guid: 3334204cf5d69114a9dc35445b9c7e14, type: 3}
      propertyPath: m_LocalPosition.x
      value: 0
      objectReference: {fileID: 0}
    - target: {fileID: 400000, guid: 3334204cf5d69114a9dc35445b9c7e14, type: 3}
      propertyPath: m_LocalPosition.y
      value: 0
      objectReference: {fileID: 0}
    - target: {fileID: 400000, guid: 3334204cf5d69114a9dc35445b9c7e14, type: 3}
      propertyPath: m_LocalPosition.z
      value: 0
      objectReference: {fileID: 0}
    - target: {fileID: 400000, guid: 3334204cf5d69114a9dc35445b9c7e14, type: 3}
      propertyPath: m_LocalRotation.x
      value: 0
      objectReference: {fileID: 0}
    - target: {fileID: 400000, guid: 3334204cf5d69114a9dc35445b9c7e14, type: 3}
      propertyPath: m_LocalRotation.y
      value: 0
      objectReference: {fileID: 0}
    - target: {fileID: 400000, guid: 3334204cf5d69114a9dc35445b9c7e14, type: 3}
      propertyPath: m_LocalRotation.z
      value: 0
      objectReference: {fileID: 0}
    - target: {fileID: 400000, guid: 3334204cf5d69114a9dc35445b9c7e14, type: 3}
      propertyPath: m_LocalRotation.w
      value: 1
      objectReference: {fileID: 0}
    - target: {fileID: 400000, guid: 3334204cf5d69114a9dc35445b9c7e14, type: 3}
      propertyPath: m_RootOrder
      value: 1
      objectReference: {fileID: 0}
    - target: {fileID: 400000, guid: 3334204cf5d69114a9dc35445b9c7e14, type: 3}
      propertyPath: m_LocalEulerAnglesHint.x
      value: 0
      objectReference: {fileID: 0}
    - target: {fileID: 400000, guid: 3334204cf5d69114a9dc35445b9c7e14, type: 3}
      propertyPath: m_LocalEulerAnglesHint.y
      value: 0
      objectReference: {fileID: 0}
    - target: {fileID: 400000, guid: 3334204cf5d69114a9dc35445b9c7e14, type: 3}
      propertyPath: m_LocalEulerAnglesHint.z
      value: 0
      objectReference: {fileID: 0}
    - target: {fileID: 400000, guid: 3334204cf5d69114a9dc35445b9c7e14, type: 3}
      propertyPath: m_LocalScale.x
      value: 3
      objectReference: {fileID: 0}
    - target: {fileID: 400000, guid: 3334204cf5d69114a9dc35445b9c7e14, type: 3}
      propertyPath: m_LocalScale.y
      value: 3
      objectReference: {fileID: 0}
    - target: {fileID: 400000, guid: 3334204cf5d69114a9dc35445b9c7e14, type: 3}
      propertyPath: m_LocalScale.z
      value: 3
      objectReference: {fileID: 0}
    m_RemovedComponents: []
  m_SourcePrefab: {fileID: 100100000, guid: 3334204cf5d69114a9dc35445b9c7e14, type: 3}
--- !u!4 &7097680722808228498 stripped
Transform:
  m_CorrespondingSourceObject: {fileID: 400000, guid: 3334204cf5d69114a9dc35445b9c7e14,
    type: 3}
  m_PrefabInstance: {fileID: 7097680722807836690}
  m_PrefabAsset: {fileID: 0}
--- !u!1 &7097680722807805618 stripped
GameObject:
  m_CorrespondingSourceObject: {fileID: 100000, guid: 3334204cf5d69114a9dc35445b9c7e14,
    type: 3}
  m_PrefabInstance: {fileID: 7097680722807836690}
  m_PrefabAsset: {fileID: 0}
--- !u!1001 &9147856489500432759
PrefabInstance:
  m_ObjectHideFlags: 0
  serializedVersion: 2
  m_Modification:
    m_TransformParent: {fileID: 5343294557076515537}
    m_Modifications:
    - target: {fileID: -4216859302048453862, guid: d4c2f14835294e441bb2c758b4911a1c,
        type: 3}
      propertyPath: m_LocalPosition.x
      value: 0
      objectReference: {fileID: 0}
    - target: {fileID: -4216859302048453862, guid: d4c2f14835294e441bb2c758b4911a1c,
        type: 3}
      propertyPath: m_LocalPosition.y
      value: 0
      objectReference: {fileID: 0}
    - target: {fileID: -4216859302048453862, guid: d4c2f14835294e441bb2c758b4911a1c,
        type: 3}
      propertyPath: m_LocalPosition.z
      value: 0
      objectReference: {fileID: 0}
    - target: {fileID: -4216859302048453862, guid: d4c2f14835294e441bb2c758b4911a1c,
        type: 3}
      propertyPath: m_LocalRotation.x
      value: 0
      objectReference: {fileID: 0}
    - target: {fileID: -4216859302048453862, guid: d4c2f14835294e441bb2c758b4911a1c,
        type: 3}
      propertyPath: m_LocalRotation.y
      value: -0.7071068
      objectReference: {fileID: 0}
    - target: {fileID: -4216859302048453862, guid: d4c2f14835294e441bb2c758b4911a1c,
        type: 3}
      propertyPath: m_LocalRotation.z
      value: 0
      objectReference: {fileID: 0}
    - target: {fileID: -4216859302048453862, guid: d4c2f14835294e441bb2c758b4911a1c,
        type: 3}
      propertyPath: m_LocalRotation.w
      value: 0.7071068
      objectReference: {fileID: 0}
    - target: {fileID: -4216859302048453862, guid: d4c2f14835294e441bb2c758b4911a1c,
        type: 3}
      propertyPath: m_RootOrder
      value: 0
      objectReference: {fileID: 0}
    - target: {fileID: -4216859302048453862, guid: d4c2f14835294e441bb2c758b4911a1c,
        type: 3}
      propertyPath: m_LocalEulerAnglesHint.x
      value: 0
      objectReference: {fileID: 0}
    - target: {fileID: -4216859302048453862, guid: d4c2f14835294e441bb2c758b4911a1c,
        type: 3}
      propertyPath: m_LocalEulerAnglesHint.y
      value: -90
      objectReference: {fileID: 0}
    - target: {fileID: -4216859302048453862, guid: d4c2f14835294e441bb2c758b4911a1c,
        type: 3}
      propertyPath: m_LocalEulerAnglesHint.z
      value: 0
      objectReference: {fileID: 0}
    - target: {fileID: -1504981713932161579, guid: d4c2f14835294e441bb2c758b4911a1c,
        type: 3}
      propertyPath: m_Materials.Array.data[0]
      value: 
      objectReference: {fileID: 2100000, guid: 315cac9a135b58a4288cc5e50e6a0745, type: 2}
    - target: {fileID: -927199367670048503, guid: d4c2f14835294e441bb2c758b4911a1c,
        type: 3}
      propertyPath: m_Name
      value: SM_Tripan_Platform
      objectReference: {fileID: 0}
    m_RemovedComponents: []
  m_SourcePrefab: {fileID: 100100000, guid: d4c2f14835294e441bb2c758b4911a1c, type: 3}
--- !u!4 &4289964294779794029 stripped
Transform:
  m_CorrespondingSourceObject: {fileID: -4216859302048453862, guid: d4c2f14835294e441bb2c758b4911a1c,
    type: 3}
  m_PrefabInstance: {fileID: 9147856489500432759}
  m_PrefabAsset: {fileID: 0}
